 Dungeon Crawl Stone Soup version 0.29-a0-885-gb26ba3297d (webtiles) character file.

Game seed: 905789599786253755

3577 gobodom the Destroyer (level 9, 0/68 HPs)
             Began as a Demonspawn Conjurer on July 21, 2022.
             Succumbed to a killer bee's poison
             ... on level 7 of the Dungeon.
             The game lasted 00:27:31 (6525 turns).

gobodom the Destroyer (Demonspawn Conjurer)         Turns: 6525, Time: 00:27:32

Health: 0/68       AC:  8    Str: 11    XL:     9   Next: 84%
Magic:  6/16       EV: 11    Int: 24    God:
Gold:   192        SH:  0    Dex: 11    Spells: 11/17 levels left

rFire   + . .      SeeInvis +   a - +4 lajatang (venom)
rCold   . . .      Faith    .   (shield currently unavailable)
rNeg    . . .      Spirit   .   s - +3 ring mail of Ahoxt {Rampage rPois rF+ Str+3}
rPois   +          Reflect  .   (helmet restricted)
rElec   .          Harm     .   (no cloak)
rCorr   .          Rampage  +   (no gloves)
Will    +....                   (no boots)
Stlth   ++........              (no amulet)
HPRegen 0.21/turn               p - ring of willpower
MPRegen 0.15/turn               (no ring)

@: mighty, lethally poisoned (0 -> -4), flying, invisible
A: antennae 1, claws 1, hooves 2, demonic guardian 1, powered by death 1, see
invisible, subdued magic 1
a: no special abilities


You were on level 7 of the Dungeon.
You visited 1 branch of the dungeon, and saw 7 of its levels.

You collected 192 gold pieces.

Inventory:

Hand Weapons
 a - a +4 lajatang of venom (weapon)
 b - the +8 sling "Giant's Peril" {venom, rPois Str+3 SInv}
   (You found it on level 2 of the Dungeon)

   Any ammunition fired from it poisons the flesh of those it strikes.
   Str:       It affects your strength (+3).
   rPois:     It protects you from poison.
   SInv:      It lets you see invisible.
 f - a +0 hand axe of electrocution
Armour
 c - a +2 robe
 n - the +8 plate armour "Quunorou" {Harm rElec rN+++ Str-5}
   (You found it on level 2 of the Dungeon)

   Str:       It affects your strength (-5).
   rElec:     It insulates you from electricity.
   rN:        It renders you almost immune to negative energy.
   Harm:      It increases damage dealt and taken.
 s - the +3 ring mail of Ahoxt (worn) {Rampage rPois rF+ Str+3}
   (You found it on level 3 of the Dungeon)

   Str:       It affects your strength (+3).
   rF:        It protects you from fire.
   rPois:     It protects you from poison.
   Rampage:   It bestows one free step when moving towards enemies.
 y - a +0 robe of the Archmagi
Jewellery
 p - a ring of willpower (left claw)
Wands
 h - a wand of paralysis (11)
 u - a wand of acid (11)
Scrolls
 d - 2 scrolls of enchant armour
 i - a scroll of butterflies
 l - 2 scrolls of noise
 o - a scroll of fear
 q - a scroll of magic mapping
 r - 2 scrolls of torment
 t - 4 scrolls of teleportation
 w - a scroll of blinking
 E - a scroll of enchant weapon
Potions
 e - a potion of magic
 g - 2 potions of might
 j - 2 potions of flight
 k - 2 potions of berserk rage
 m - a potion of attraction {unknown}
 v - a potion of invisibility
 x - a potion of curing {unknown}
 z - a potion of degeneration {unknown}
 A - a potion of mutation
 B - a potion of cancellation {unknown}
 C - a potion of haste {unknown}
 D - a potion of lignification {unknown}


   Skills:
 * Level 5.1 Fighting
 + Level 0.1(2.6) Maces & Flails
 + Level 4.3 Staves
 + Level 3.0 Ranged Weapons
 + Level 3.9 Armour
 + Level 3.6 Dodging
 + Level 3.9 Stealth
 + Level 4.7 Spellcasting
 + Level 8.4 Conjurations
 + Level 2.1 Hexes
 + Level 2.4 Summonings
 + Level 3.5 Necromancy
 + Level 2.3 Translocations
 + Level 1.9 Transmutations
 + Level 1.9 Fire Magic
 + Level 1.9 Ice Magic
 + Level 1.9 Air Magic
 + Level 1.9 Earth Magic
 + Level 2.1 Poison Magic
 + Level 2.9 Invocations
 + Level 2.1 Evocations


You had 11 spell levels left.
You knew the following spells:

 Your Spells              Type           Power      Damage    Failure   Level
a - Magic Dart            Conj           100%       1d8       1%          1
b - Searing Ray           Conj           70%        2d7       1%          2
c - Dazzling Flash        Conj/Hex       46%        N/A       5%          3

Your spell library contained the following spells:

 Spells                   Type           Power      Damage    Failure   Level
 Blink                    Tloc           24%        N/A       10%         2
 Iskenderun's Mystic Bla  Conj/Tloc      24%        2d7       19%         4
 Lesser Beckoning         Tloc           12%        N/A       21%         3
 Fulminant Prism          Conj/Hex       11%        3d9       21%         4
 Manifold Assault         Tloc           12%        N/A       89%         5


Dungeon Overview and Level Annotations

Branches:
Dungeon (7/15)             Temple (0/1) D:6

Altars:
Trog

Shops:
D:5 =   D:6 [

Annotations:
D:7 1 runed translucent door, Demosthentine's ghost, novice MfGl


Innate Abilities, Weirdness & Mutations

You have a pair of small antennae on your head.
You have sharp fingernails.
You have hoof-like feet.
A weak demonic guardian rushes to your aid.
You regenerate a little health from kills.
You have supernaturally acute eyesight. (SInv)
Your spells are a little easier to cast, but a little less powerful.


Message History

The killer bee stings you but does no damage.
The killer bee stings you.
* * * LOW HITPOINT WARNING * * *
You are poisoned.
The killer bee poisons you!
Unknown command.
It was a potion of might.
You feel very mighty all of a sudden.
You feel very sick.
The killer bee stings you but does no damage.
The killer bee barely misses you.
Your quasit barely misses the killer bee. x2
Your quasit completely misses the killer bee.
The killer bee closely misses you. The killer bee barely misses you.
Your quasit bites the killer bee but does no damage.
Your quasit barely misses the killer bee.
Your quasit completely misses the killer bee.
It was a potion of flight.
You feel very buoyant.
You fly up into the air.
You feel sick.
The killer bee stings your quasit but does no damage.
The killer bee stings you but does no damage.
The killer bee stings you.
* * * LOW HITPOINT WARNING * * *
The killer bee misses your quasit.
Your quasit completely misses the killer bee.
Your quasit barely misses the killer bee. x2
It was a potion of invisibility.
You fade into invisibility!
You feel sick. The killer bee stings your quasit.
Your quasit is poisoned.
The killer bee poisons your quasit! The killer bee stings you.
* * * LOW HITPOINT WARNING * * *
The killer bee closely misses you.
Your quasit misses the killer bee.
Your quasit claws the killer bee.
Your quasit barely misses the killer bee.
The killer bee misses your quasit.
It was a potion of mutation.
You feel extremely strange.
Your connection to magic feels subdued.
Your vision sharpens.
You die...

### ..# #+ #.# ... #.#
.... #.## #.... #.(#
############ #....#..#
##..........#
#...'5y###...........<
##..#.y@...............#
## #.###..(............
#.# #............... #..
#...............
#..##...............
..#...................
..#.....#.............
..'.....#..##.####....
#.......##....#.....


You could see 2 killer bees and a friendly quasit (summoned, very poisoned).

Vanquished Creatures
  Sigmund (D:2)
  An orc warrior (D:6)
  4 black bears
  3 ice beasts
  4 sky beasts
  2 ogres
  2 centaurs
  2 kobold brigands
  Blork the orc (D:6)
  2 necrophages
  A scorpion (D:6)
  3 bullfrogs (D:7)
  2 killer bees (D:7)
  2 howler monkeys (D:7)
  2 hounds
  2 orc priests (D:5)
  2 jellies
  An iguana (D:4)
  Ijyb (D:4)
  10 orc wizards
  5 adders
  A shadow imp (D:7)
  A white imp (D:7)
  An ufetubus (D:5)
  5 dart slugs
  27 orcs
  4 bats
  4 endoplasms
  3 giant cockroaches
  6 goblins
  7 hobgoblins
  3 quokkas
  5 ball pythons
  2 frilled lizards
  9 kobolds
  3 rats
134 creatures vanquished.

Vanquished Creatures (collateral kills)
  An ogre (D:6)
1 creature vanquished.

Grand Total: 135 creatures vanquished

Notes
Turn   | Place    | Note
-------+----------+-------------------------------------------
     0 | D:1      | gobodom the Demonspawn Conjurer began the quest for the
                  | Orb.
     0 | D:1      | Reached XP level 1. HP: 13/13 MP: 3/3
     6 | D:1      | Noticed a hound
     6 | D:1      | Noticed a swamp drake
     7 | D:1      | Noticed a swamp worm
     7 | D:1      | Noticed a black bear
   305 | D:1      | Discovered your monstrous ancestry.
   305 | D:1      | Gained mutation: You have large cloven feet. [demonic
                  | ancestry]
   305 | D:1      | Reached XP level 2. HP: 19/19 MP: 0/5
   305 | D:1      | You fall into a shaft and drop 1 floor!
   394 | D:2      | Identified the +8 sling "Giant's Peril" {venom, rPois Str+3
                  | SInv}
   422 | D:2      | Noticed Sigmund
   427 | D:2      | Killed Sigmund
   428 | D:2      | Reached skill level 6 in Conjurations
   428 | D:2      | Gained mutation: You regenerate a little health from kills.
                  | [demonic ancestry]
   428 | D:2      | Reached XP level 3. HP: 11/24 MP: 4/6
   428 | D:2      | Gained mutation: You have hoof-like feet. [demonic
                  | ancestry]
   428 | D:2      | Reached XP level 4. HP: 13/30 MP: 4/7
   428 | D:2      | Reached XP level 5. HP: 16/35 MP: 4/8
   631 | D:2      | Learned a level 2 spell: Searing Ray
  1160 | D:2      | Identified the +8 plate armour "Quunorou" {Harm rElec rN+++
                  | Str-5}
  1824 | D:3      | Identified the +3 ring mail of Ahoxt {Rampage rPois rF+
                  | Str+3}
  2148 | D:3      | Reached XP level 6. HP: 42/42 MP: 7/9
  2787 | D:4      | Reached skill level 1 in Fighting
  3045 | D:4      | Gained mutation: You have sharp fingernails. [demonic
                  | ancestry]
  3045 | D:4      | Reached XP level 7. HP: 49/49 MP: 1/11
  3048 | D:4      | Reached skill level 1 in Staves
  3056 | D:4      | Reached skill level 8 in Conjurations
  3056 | D:4      | Reached skill level 1 in Transmutations
  3056 | D:4      | Reached skill level 1 in Fire Magic
  3056 | D:4      | Reached skill level 1 in Ice Magic
  3056 | D:4      | Reached skill level 1 in Air Magic
  3056 | D:4      | Reached skill level 1 in Earth Magic
  3056 | D:4      | Gained mutation: You have a pair of small antennae on your
                  | head. [demonic ancestry]
  3056 | D:4      | Reached XP level 8. HP: 60/60 MP: 2/13
  3245 | D:4      | Noticed Ijyb
  3251 | D:4      | Killed Ijyb
  3525 | D:5      | Entered Level 5 of the Dungeon
  4052 | D:5      | Found Rimitetuce's Jewellery Shoppe.
  4684 | D:6      | Gained mutation: A weak demonic guardian rushes to your
                  | aid. [demonic ancestry]
  4684 | D:6      | Reached XP level 9. HP: 66/66 MP: 10/15
  4736 | D:6      | Found a staircase to the Ecumenical Temple.
  4992 | D:6      | Learned a level 3 spell: Dazzling Flash
  5019 | D:6      | Found Setzaeg's Armour Shop.
  5522 | D:6      | Found a bloodstained altar of Trog.
  5734 | D:6      | Noticed Blork the orc
  5737 | D:6      | Killed Blork the orc
  5876 | D:7      | Noticed Demosthentine's ghost (novice MfGl)
  5877 | D:7      | Found a runed translucent door.
  6041 | D:7      | Reached skill level 5 in Fighting
  6524 | D:7      | HP: 1/68 [killer bee (6)]
  6525 | D:7      | Gained mutation: Your spells are a little easier to cast,
                  | but a little less powerful. [potion of mutation]
  6525 | D:7      | Gained mutation: You have supernaturally acute eyesight.
                  | (SInv) [potion of mutation]
  6525 | D:7      | Succumbed to a killer bee's poison

Illustrated notes

Levels and vault maps discovered:
D:1:      onia_arrival_zoo_common, layout_basic, minmay_misc_feat_four_crosses
D:2:      layout_basic, minmay_indecisive_spiral, uniq_sigmund
D:3:      layout_basic
D:4:      layout_rooms, uniq_ijyb
D:5:      layout_rooms, serial_shops, shop, st_stairs_10,
          chequers_serial_rivers_large_b, nicolae_eternal_life
D:6:      layout_rooms, trog_three_pillars_becter, minmay_temple_entry_slanted,
          serial_shops, shop, uniq_blork_the_orc
D:7:      layout_rooms, hellmonk_ghost_happy_afterlife, minmay_quadrilaterals

Skill      XL: |  1  2  3  4  5  6  7  8  9 |
---------------+----------------------------+-----
Dodging        | 2 3 |  3.6
Stealth        | 2 3 |  3.9
Conjurations   | 6 8 |  8.4
Fighting       | 1 3 4 5 |  5.1
Spellcasting   | 3 4 |  4.7
Staves         | 3 4 |  4.3
Ranged Weapons | 2 3 |  3.0
Armour         | 2 3 |  3.9
Hexes          | 2 |  2.1
Summonings     | 2 |  2.4
Necromancy     | 3 |  3.5
Translocations | 2 |  2.3
Transmutations | 1 |  1.9
Fire Magic     | 1 |  1.9
Ice Magic      | 1 |  1.9
Air Magic      | 1 |  1.9
Earth Magic    | 1 |  1.9
Poison Magic   | 2 |  2.1
Invocations    | 2 |  2.9
Evocations     | 2 |  2.1
Maces & Flails | |  0.1

Action                   |  1- 3 |  4- 6 |  7- 9 || total
-------------------------+-------+-------+-------++-------
Melee: Whip              |     6 |     4 |       ||    10
       Lajatang          |       |    22 |    52 ||    74
       Kick              |       |     9 |    16 ||    25
 Fire: Sling             |     5 |     9 |    20 ||    34
 Cast: Magic Dart        |    12 |    80 |    65 ||   157
       Searing Ray       |       |     2 |    36 ||    38
       Dazzling Flash    |       |       |     1 ||     1
  Use: Scroll            |       |       |    14 ||    14
       Potion            |       |       |     5 ||     5
 Stab: Sleeping          |       |     1 |       ||     1
Armor: Robe              |     1 |     2 |       ||     3
       Ring mail         |       |     9 |    77 ||    86
Dodge: Dodged            |     6 |    14 |    88 ||   108

Table legend: (Time is in decaauts)
 A = Elapsed time spent in this place.
 B = Non-inter-level travel time spent in this place.
 C = Inter-level travel time spent in this place.
 D = Time resting spent in this place.
 E = Time spent auto-exploring this place.
 F = Levels seen in this place.
 G = Mean time per level.
                   A        B        C        D        E       F      G
               +--------+--------+--------+--------+--------+-----+--------+
         Total |   6576 |   6457 |    119 |     17 |   5552 |   7 |  939.4 |
       Dungeon |   6576 |   6457 |    119 |     17 |   5552 |   7 |  939.4 |
               +--------+--------+--------+--------+--------+-----+--------+

Top non-repeatable levels by time:
     D:6: 1328 daAuts
     D:2: 1306 daAuts
     D:5: 1048 daAuts
     D:3: 978 daAuts
     D:4: 948 daAuts
     D:7: 660 daAuts
     D:1: 305 daAuts
